 Dungeon Crawl Stone Soup version 0.22-a0-447-gee5f723 (webtiles) character file.

670 inmateoo the Slasher (level 7, 0/55 HPs)
             Began as a Vine Stalker Fighter on June 3, 2018.
             Was a Follower of Okawaru.
             Succumbed to a gnoll sergeant's poison
             ... on level 8 of the Dungeon.
             The game lasted 00:05:10 (3070 turns).

inmateoo the Slasher (Vine Stalker Fighter)         Turns: 3070, Time: 00:05:11

Health: 0/55       AC: 23    Str: 23 (24) XL:     7   Next: 58%
Magic:  1/8        EV:  2    Int:  6 (8)  God:    Okawaru [*.....]
Gold:   136        SH:  2    Dex: 13 (15) Spells: 6/6 levels left

rFire    . . .     SeeInvis .   k - +1 dagger (venom)
rCold    . . .     Gourm    .   (no shield)
rNeg     + + +     Faith    .   (armour currently unavailable)
rPois    +         Spirit   +   (helmet currently unavailable)
rElec    .         Reflect  +   (cloak currently unavailable)
rCorr    +         Harm     .   (gloves currently unavailable)
MR       .....     NoTele   +   (boots currently unavailable)
Stlth    +.........             q - +2 amulet of reflection
HPRegen  0.58/turn              t - ring of resist corrosion
MPRegen  0.11/turn              i - ring of flight

@: mighty, lethally poisoned (0 -> -7), tree-form
A: regeneration 1, magic shield, no potion heal 3, rot immunity
a: Heroism, Renounce Religion


You were on level 8 of the Dungeon.
You worshipped Okawaru.
Okawaru was aware of your devotion.
You were not hungry.
You were a tree.
You visited 1 branch of the dungeon, and saw 7 of its levels.

You collected 136 gold pieces.

Inventory:

Hand Weapons
 a - a +0 long sword
 k - a +1 dagger of venom (weapon)
 v - a +3 rapier
Armour
 b - a +0 scale mail (melded)
 c - a +0 shield
 m - a cursed +0 pair of gloves (melded)
Jewellery
 i - a ring of flight (right branch)
 q - a +2 amulet of reflection (around neck)
 t - a ring of resist corrosion (left branch)
Wands
 u - a wand of random effects (11)
Scrolls
 e - a scroll of blinking {unknown}
 g - 4 scrolls of identify {unknown}
 h - 2 scrolls of teleportation {unknown}
 n - 3 scrolls of enchant weapon {unknown}
 r - a scroll of magic mapping {unknown}
Potions
 j - a potion of haste {unknown}
 l - a potion of magic {unknown}
 o - a potion of heal wounds
 p - a potion of berserk rage {unknown}
 s - a potion of mutation {unknown}
Comestibles
 f - 10 rations
 A - 2 chunks of flesh


   Skills:
 + Level 4.1 Fighting
 * Level 4.6 Long Blades
 + Level 3.6 Armour
 + Level 2.2 Dodging
 + Level 3.9 Shields


You had 6 spell levels left.
You didn't know any spells.
Your spell library contained the following spells:

 Spells                   Type           Power        Failure   Level  Hunger
 Confuse                  Hex            #.......     83%         3    ####...
 Confusing Touch          Hex            #.....       45%         1    ##.....
 Metabolic Englaciation   Hex/Ice        #.........   100%        5    ######.
 Petrify                  Tmut/Erth      #.......     99%         4    #####..
 Gell's Gravitas          Tloc           #.........   83%         3    ####...
 Yara's Violent Unravell  Hex/Tmut       #.........   100%        5    ######.


Dungeon Overview and Level Annotations

Branches:
Dungeon (6/15)
 Temple: D:4-7

Altars:
Ashenzari
Cheibriados
Elyvilon
Fedhas
Hepliaklqana
Kikubaaqudgha
Nemelex Xobeh
Okawaru
Wu Jian
Xom

Annotations:
D:3 Nr616's ghost, amateur MiMo
D:5 ArgaWasAlreadyTaken's ghost, amateur GrFi


Innate Abilities, Weirdness & Mutations

((You have extremely sharp teeth.))
Your natural rate of healing is unusually fast.
When hurt, damage is shared between your health and your magic reserves.
((Your bite disrupts and absorbs the magic of your enemies.))
Potions cannot restore your health.
You are immune to rotting.


Message History

You feel sick. Okawaru accepts your kill.
You feel a bit more experienced.
Unknown command.
It was a potion of flight.
You feel very buoyant.
You fly up into the air.
* * * LOW HITPOINT WARNING * * *
You feel sick. The gnoll hits you but does no damage.
It was a potion of degeneration.
There was something very wrong with that liquid.
You feel weakened.
You feel dopey.
You feel clumsy.
* * * LOW HITPOINT WARNING * * *
You feel sick. The gnoll hits you with a whip.
Unknown command.
It was a potion of lignification.
You turn into a tree.
Your cursed +0 pair of gloves melds into your body.
Your +0 scale mail melds into your body.
Your roots penetrate the ground.
You die...

.. ..# #.##..# ..#..#
#.#..# .....#########
#######.#.........#
#.♣................
#g####............#
#g...#.#..........#
##g..#.#..........#
#g.g#.##.........#
#g...............#
##...............#
##................#
#######.#...............#


You could see 2 gnolls.

Vanquished Creatures
  A centaur (D:6)
  An ogre (D:8)
  A gnoll sergeant (D:8)
  A bullfrog (D:8)
  A howler monkey (D:4)
  A crimson imp (D:5)
  A hound (D:5)
  An orc wizard (D:4)
  An iguana (D:6)
  2 worker ants
  A hound skeleton (D:4)
  A gnoll (D:8)
  6 adders
  An ooze (D:1)
  An adder skeleton (D:4)
  3 worms
  A dart slug (D:1)
  3 leopard geckos
  7 orcs
  A bat (D:1)
  3 giant cockroaches
  6 goblins
  17 hobgoblins
  4 quokkas
  2 ball pythons
  6 frilled lizards
  A jackal skeleton (D:4)
  7 kobolds
  4 rats
86 creatures vanquished.

Notes
Turn   | Place    | Note
-------+----------+-------------------------------------------
     0 | D:1      | inmateoo the Vine Stalker Fighter began the quest for the Orb.
     0 | D:1      | Reached XP level 1. HP: 11/11 MP: 2/2
    25 | D:1      | Reached XP level 2. HP: 2/16 MP: 1/3
   487 | D:1      | Reached XP level 3. HP: 17/19 MP: 4/4
  1045 | D:2      | Found an ornate altar of the Wu Jian Council.
  1222 | D:2      | Found a white marble altar of Elyvilon.
  1257 | D:2      | Gained mutation: Your natural rate of healing is unusually fast. [Vine Stalker growth]
  1257 | D:2      | Reached XP level 4. HP: 22/24 MP: 5/5
  1500 | D:3      | Found an ancient bone altar of Kikubaaqudgha.
  1504 | D:3      | Found a blossoming altar of Fedhas.
  1563 | D:3      | Found a sparkling altar of Nemelex Xobeh.
  1563 | D:3      | Found a hazy altar of Hepliaklqana.
  1564 | D:3      | Found a snail-covered altar of Cheibriados.
  1564 | D:3      | Found an iron altar of Okawaru.
  1599 | D:3      | Became a worshipper of Warmaster Okawaru
  1865 | D:3      | Noticed Nr616's ghost (amateur MiMo)
  2082 | D:4      | Reached skill level 1 in Dodging
  2082 | D:4      | Reached XP level 5. HP: 28/28 MP: 6/6
  2432 | D:4      | Reached XP level 6. HP: 32/32 MP: 7/7
  2507 | D:4      | Found a shimmering altar of Xom.
  2679 | D:5      | Entered Level 5 of the Dungeon
  2742 | D:5      | Found a shattered altar of Ashenzari.
  2744 | D:5      | Noticed ArgaWasAlreadyTaken's ghost (amateur GrFi)
  2940 | D:6      | You fall through a shaft for 2 floors!
  2949 | D:8      | Reached * piety under Okawaru
  2949 | D:8      | Reached XP level 7. HP: 18/37 MP: 8/8
  3069 | D:8      | HP: 1/37 [poisoned by a gnoll sergeant]
  3070 | D:8      | Succumbed to a gnoll sergeant's poison

Vault maps used:
D:1:      ncdulo_lavacross, minivault_19
D:2:      elyvilon_altar_3, lemuel_coloured_pillars_altar
D:3:      grunt_temple_overflow_growth_and_decay,
          nicolae_overflow_hidden_temple, okawaru_gym_becter, first_ration
D:4:      xom_butterflies
D:5:      overflow_temple_1_default, evilmike_ruin_ashenzari,
          minmay_temple_entry_statues_fountains, serial_shops, shop
D:6:      lemuel_tele_altar
D:8:      grunt_ogre_cave, uniq_joseph

Skill      XL: |  1  2  3  4  5  6  7 |
---------------+----------------------+-----
Long Blades    | 2 3 4 |  4.6
Fighting       | 3 4 |  4.1
Shields        | 3 |  3.9
Dodging        | 1 2 |  2.2
Armour         | 3 |  3.6

Action                   |  1- 3 |  4- 6 |  7- 9 || total
-------------------------+-------+-------+-------++-------
Melee: Long sword        |    53 |     2 |       ||    55
       Bite              |    26 |    55 |     8 ||    89
       Dagger            |    44 |   172 |    20 ||   236
Evoke: Wand              |       |     1 |       ||     1
  Use: Potion            |       |     1 |     5 ||     6
 Stab: Invisible         |       |     1 |       ||     1
  Eat: Chunk             |     1 |     6 |       ||     7
Armor: Scale mail        |    38 |    74 |    12 ||   124
Dodge: Dodged            |    29 |    78 |     8 ||   115
Block: Shield            |    28 |       |       ||    28
       Other             |       |     7 |     1 ||     8
       Reflection        |       |     1 |       ||     1
       Rpst.: Long sword |     4 |       |       ||     4

Table legend:
 A = Spawn XP
 B = Non-spawn XP
 C = Spawn XP percentage of total XP
 D = Spawn monster count
 E = Non-spawn monster count
 F = Spawn count percentage of total count
 G = Total turns spent on level
                    A         B        C        D         E        F      G
               +---------+---------+-------+---------+---------+-------+---------
         Total |       0 |     958 |   0.0 |       0 |      86 |   0.0 |  3070
               +---------+---------+-------+---------+---------+-------+---------
           D:1 |       0 |      47 |   0.0 |       0 |      23 |   0.0 |   922
           D:2 |       0 |      38 |   0.0 |       0 |      14 |   0.0 |   515
           D:3 |       0 |      70 |   0.0 |       0 |      20 |   0.0 |   619
           D:4 |       0 |     197 |   0.0 |       0 |      18 |   0.0 |   623
           D:5 |       0 |     104 |   0.0 |       0 |       3 |   0.0 |    81
           D:6 |       0 |     155 |   0.0 |       0 |       2 |   0.0 |   180
           D:8 |       0 |     347 |   0.0 |       0 |       6 |   0.0 |   130
               +---------+---------+-------+---------+---------+-------+---------
